[ AOE2 MATCH · #495971971 ]
UnrankedJapanese vs Mongols
Player's team · LOSS
Rival team · WIN
[ REPLAY ANALYSIS · EXTRACTED FROM THE RECORDED GAME ]
Feudal
9:16
Castle
21:39
Imperial
35:11
| APM avg | 51.6 |
| APM peak | 152 |
| eAPM avg | 24.3 |
| Villagers / military | 247 / 230 |
Focus
⚔️ 31.2% · 🌾 68.8%
Cavalry Archer ×86 · Skirmisher ×63 · Knight ×24 · Scout Cavalry ×22 · Archer ×21 · Spearman ×6
Feudal
8:00
Castle
19:33
Imperial
33:55
| APM avg | 49.7 |
| APM peak | 79 |
| eAPM avg | 20.9 |
| Villagers / military | 159 / 310 |
Focus
⚔️ 37.2% · 🌾 62.8%
Mangudai ×144 · Scout Cavalry ×127 · Archer ×13 · Skirmisher ×10 · Cavalry Archer ×10 · Trebuchet (Packed) ×4
Match map
Initial resources + every placement click. Lines = walls · curves = elevation contours. ◆ gold · ⬟ stone · ● berries · ✦ relic · ◌ wall gap
Your base· Open — unwalled flank
inscale's base· Open — 3t gap
Smoothed initial terrain · ◌ = detected wall gap · hover for details
Inputs per minute
— Skorpiem - - inscale
Build order — Skorpiem
First 150 of 582 actions detected
| 0:01 | Queue | Villager (Male) |
| 0:02 | Build | House |
| 0:03 | Build | House |
| 0:13 | Queue | Villager (Male) |
| 0:13 | Queue | Villager (Male) |
| 0:13 | Queue | Villager (Male) |
| 1:27 | Queue | Villager (Male) |
| 1:55 | Queue | Villager (Male) |
| 1:59 | Build | Lumber Camp |
| 2:24 | Queue | Villager (Male) |
| 2:24 | Queue | Villager (Male) |
| 2:51 | Queue | Villager (Male) |
| 2:57 | Queue | Villager (Male) |
| 2:58 | Queue | Villager (Male) |
| 3:34 | Queue | Villager (Male) |
| 3:39 | Build | House |
| 3:40 | Build | House |
| 3:51 | Queue | Villager (Male) |
| 3:51 | Queue | Villager (Male) |
| 4:17 | Queue | Villager (Male) |
| 4:17 | Queue | Villager (Male) |
| 4:33 | Queue | Villager (Male) |
| 4:33 | Queue | Villager (Male) |
| 5:04 | Queue | Villager (Male) |
| 5:04 | Queue | Villager (Male) |
| 5:04 | Queue | Villager (Male) |
| 5:39 | Queue | Villager (Male) |
| 5:46 | Queue | Villager (Male) |
| 5:54 | Build | Mill |
| 6:21 | Research | Loom |
| 6:55 | Research | Feudal Age |
| 7:14 | Queue | Villager (Male) |
| 7:45 | Build | Mining Camp |
| 8:07 | Queue | Villager (Male) |
| 8:35 | Build | Barracks |
| 9:09 | Build | House |
| 9:16 | Age | Feudal Age |
| 9:20 | Build | Archery Range |
| 9:28 | Research | Double-Bit Axe |
| 9:29 | Queue | Spearman |
| 9:33 | Queue | Villager (Male) |
| 9:34 | Queue | Spearman |
| 9:40 | Build | House |
| 9:44 | Build | Palisade Wall |
| 9:47 | Build | Palisade Wall |
| 9:48 | Build | Palisade Wall |
| 9:56 | Queue | Spearman |
| 10:00 | Queue | Archer |
| 10:01 | Queue | Archer |
| 10:12 | Queue | Villager (Male) |
| 10:34 | Queue | Spearman |
| 10:50 | Research | Horse Collar |
| 10:50 | Queue | Villager (Male) |
| 10:52 | Queue | Archer |
| 10:53 | Queue | Archer |
| 11:16 | Queue | Villager (Male) |
| 11:20 | Build | Palisade Wall |
| 11:30 | Build | Farm |
| 11:31 | Queue | Villager (Male) |
| 11:32 | Build | Farm |
| 11:42 | Queue | Villager (Male) |
| 12:02 | Build | Farm |
| 12:04 | Build | Farm |
| 12:11 | Build | Farm |
| 12:19 | Build | Farm |
| 12:22 | Queue | Archer |
| 12:27 | Build | House |
| 12:39 | Queue | Villager (Male) |
| 12:40 | Build | Farm |
| 12:46 | Build | House |
| 12:50 | Research | Town Watch |
| 12:51 | Queue | Archer |
| 12:51 | Queue | Archer |
| 13:06 | Queue | Villager (Male) |
| 13:30 | Build | Mining Camp |
| 13:35 | Build | Stable |
| 13:37 | Queue | Villager (Male) |
| 13:41 | Build | Farm |
| 13:42 | Queue | Villager (Male) |
| 13:53 | Queue | Archer |
| 14:05 | Queue | Skirmisher |
| 14:12 | Build | Farm |
| 14:16 | Build | House |
| 14:17 | Queue | Scout Cavalry |
| 14:17 | Queue | Scout Cavalry |
| 14:23 | Queue | Villager (Male) |
| 14:42 | Build | Farm |
| 14:44 | Build | Farm |
| 14:45 | Queue | Villager (Male) |
| 14:47 | Queue | Archer |
| 14:47 | Queue | Archer |
| 15:18 | Queue | Villager (Male) |
| 15:20 | Build | Blacksmith |
| 15:33 | Queue | Villager (Male) |
| 15:35 | Build | Farm |
| 15:59 | Research | Fletching |
| 15:59 | Research | Fletching |
| 16:00 | Research | Forging |
| 16:01 | Queue | Archer |
| 16:04 | Queue | Scout Cavalry |
| 16:07 | Build | Farm |
| 16:09 | Build | House |
| 16:10 | Queue | Villager (Male) |
| 16:32 | Queue | Villager (Male) |
| 16:33 | Queue | Archer |
| 16:36 | Build | Farm |
| 16:39 | Build | Farm |
| 16:47 | Build | House |
| 16:55 | Queue | Villager (Male) |
| 17:27 | Queue | Villager (Male) |
| 17:29 | Build | Farm |
| 17:31 | Build | Farm |
| 17:33 | Queue | Villager (Male) |
| 17:39 | Queue | Archer |
| 18:23 | Queue | Villager (Male) |
| 18:59 | Research | Castle Age |
| 18:59 | Research | Castle Age |
| 19:09 | Queue | Archer |
| 19:20 | Build | Market |
| 19:26 | Build | Lumber Camp |
| 19:27 | Queue | Villager (Male) |
| 19:32 | Queue | Scout Cavalry |
| 19:35 | Queue | Archer |
| 19:50 | Queue | Archer |
| 19:52 | Research | Padded Archer Armor |
| 19:52 | Research | Padded Archer Armor |
| 20:00 | Build | House |
| 20:14 | Build | House |
| 20:16 | Build | House |
| 20:23 | Queue | Villager (Male) |
| 20:31 | Research | Gold Mining |
| 20:32 | Research | Gold Mining |
| 20:34 | Queue | Archer |
| 21:12 | Build | House |
| 21:22 | Queue | Archer |
| 21:39 | Age | Castle Age |
| 21:53 | Research | Crossbowman (upgrade) |
| 21:58 | Build | Archery Range |
| 22:14 | Queue | Villager (Male) |
| 22:15 | Queue | Villager (Male) |
| 22:21 | Build | Town Center |
| 22:30 | Queue | Archer |
| 22:31 | Queue | Archer |
| 22:41 | Build | House |
| 23:06 | Build | House |
| 23:08 | Research | Bow Saw |
| 23:09 | Queue | Villager (Male) |
| 23:11 | Build | Farm |
| 23:11 | Build | Farm |
| 23:19 | Build | Farm |
Build order — inscale
First 150 of 485 actions detected
| 0:00 | Queue | Villager (Male) |
| 0:01 | Queue | Villager (Male) |
| 0:02 | Build | House |
| 0:04 | Build | House |
| 0:07 | Queue | Villager (Male) |
| 0:14 | Queue | Villager (Male) |
| 1:29 | Queue | Villager (Male) |
| 1:46 | Build | Lumber Camp |
| 1:49 | Queue | Villager (Male) |
| 2:18 | Queue | Villager (Male) |
| 2:45 | Queue | Villager (Male) |
| 3:10 | Queue | Villager (Male) |
| 3:25 | Queue | Villager (Male) |
| 3:33 | Build | House |
| 4:03 | Queue | Villager (Male) |
| 4:04 | Queue | Villager (Male) |
| 4:05 | Queue | Villager (Male) |
| 4:07 | Build | House |
| 4:09 | Queue | Villager (Male) |
| 4:20 | Queue | Villager (Male) |
| 4:48 | Build | Mill |
| 5:09 | Build | Palisade Wall |
| 5:50 | Research | Feudal Age |
| 6:13 | Build | Palisade Wall |
| 6:25 | Queue | Villager (Male) |
| 6:44 | Build | Palisade Wall |
| 6:45 | Build | Palisade Wall |
| 6:47 | Build | Palisade Wall |
| 6:47 | Build | Palisade Wall |
| 7:12 | Build | Barracks |
| 7:19 | Build | Palisade Wall |
| 8:00 | Age | Feudal Age |
| 8:11 | Build | Stable |
| 8:13 | Queue | Villager (Male) |
| 8:27 | Queue | Villager (Male) |
| 8:36 | Build | House |
| 8:38 | Build | Palisade Wall |
| 8:44 | Research | Double-Bit Axe |
| 8:54 | Queue | Scout Cavalry |
| 8:54 | Queue | Scout Cavalry |
| 9:03 | Queue | Villager (Male) |
| 9:17 | Queue | Villager (Male) |
| 9:20 | Queue | Villager (Male) |
| 9:47 | Build | Archery Range |
| 9:51 | Queue | Villager (Male) |
| 10:11 | Queue | Villager (Male) |
| 10:17 | Build | Farm |
| 10:19 | Build | Farm |
| 10:30 | Queue | Villager (Male) |
| 10:53 | Build | Farm |
| 10:55 | Queue | Skirmisher |
| 10:55 | Queue | Skirmisher |
| 10:58 | Queue | Villager (Male) |
| 11:07 | Build | Farm |
| 11:24 | Build | House |
| 11:32 | Build | Farm |
| 11:37 | Queue | Villager (Male) |
| 11:59 | Queue | Villager (Male) |
| 12:04 | Build | Farm |
| 12:10 | Queue | Skirmisher |
| 12:12 | Queue | Villager (Male) |
| 12:22 | Build | Farm |
| 12:36 | Research | Loom |
| 12:39 | Queue | Villager (Male) |
| 12:40 | Build | Farm |
| 13:01 | Queue | Skirmisher |
| 13:05 | Build | House |
| 13:10 | Build | Mining Camp |
| 13:19 | Build | Farm |
| 13:35 | Queue | Villager (Male) |
| 13:41 | Build | Blacksmith |
| 13:49 | Build | House |
| 13:54 | Queue | Skirmisher |
| 14:03 | Build | Farm |
| 14:16 | Queue | Archer |
| 14:20 | Queue | Villager (Male) |
| 14:30 | Queue | Archer |
| 14:42 | Queue | Villager (Male) |
| 15:00 | Queue | Archer |
| 15:02 | Queue | Villager (Male) |
| 15:08 | Build | Archery Range |
| 15:12 | Queue | Skirmisher |
| 15:16 | Queue | Villager (Male) |
| 15:18 | Build | House |
| 15:20 | Research | Padded Archer Armor |
| 15:49 | Queue | Archer |
| 16:03 | Queue | Archer |
| 16:03 | Queue | Archer |
| 16:07 | Queue | Villager (Male) |
| 16:09 | Build | Lumber Camp |
| 16:27 | Build | Palisade Wall |
| 16:53 | Research | Castle Age |
| 17:03 | Build | House |
| 17:07 | Build | House |
| 17:21 | Queue | Archer |
| 17:21 | Queue | Archer |
| 17:58 | Queue | Archer |
| 18:53 | Queue | Archer |
| 18:59 | Research | Horse Collar |
| 19:01 | Build | House |
| 19:09 | Queue | Villager (Male) |
| 19:13 | Queue | Villager (Male) |
| 19:29 | Queue | Villager (Male) |
| 19:33 | Age | Castle Age |
| 19:33 | Queue | Archer |
| 19:39 | Research | Crossbowman (upgrade) |
| 19:40 | Research | Fletching |
| 19:43 | Build | Town Center |
| 19:44 | Queue | Villager (Male) |
| 19:57 | Build | Farm |
| 20:00 | Build | Farm |
| 20:00 | Build | Farm |
| 20:02 | Research | Elite Skirmisher (upgrade) |
| 20:11 | Research | Bodkin Arrow |
| 20:14 | Build | Farm |
| 20:15 | Build | Farm |
| 20:19 | Queue | Villager (Male) |
| 20:30 | Queue | Skirmisher |
| 20:46 | Queue | Villager (Male) |
| 21:01 | Queue | Villager (Male) |
| 21:05 | Build | University |
| 21:16 | Build | Farm |
| 21:17 | Queue | Villager (Male) |
| 21:48 | Queue | Villager (Male) |
| 21:51 | Queue | Archer |
| 21:51 | Queue | Archer |
| 21:54 | Queue | Villager (Male) |
| 21:57 | Build | Town Center |
| 22:13 | Queue | Villager (Male) |
| 22:15 | Queue | Villager (Male) |
| 22:29 | Queue | Cavalry Archer |
| 22:30 | Queue | Cavalry Archer |
| 22:30 | Queue | Villager (Male) |
| 22:39 | Build | Farm |
| 22:41 | Queue | Villager (Male) |
| 22:50 | Build | Farm |
| 22:52 | Build | Farm |
| 22:56 | Queue | Villager (Male) |
| 23:06 | Research | Ballistics |
| 23:15 | Queue | Villager (Male) |
| 23:16 | Queue | Villager (Male) |
| 23:28 | Build | Farm |
| 23:35 | Queue | Cavalry Archer |
| 23:36 | Queue | Cavalry Archer |
| 23:37 | Queue | Villager (Male) |
| 23:49 | Queue | Cavalry Archer |
| 23:49 | Queue | Cavalry Archer |
| 23:58 | Queue | Villager (Male) |
| 23:59 | Build | Farm |
| 24:02 | Queue | Villager (Male) |
Match timeline
| 5:09 | inscale · wall_segment Palisade Wall x9 |
| 6:13 | inscale · wall_segment Palisade Wall x3 |
| 6:44 | inscale · wall_segment Palisade Wall x1 |
| 6:45 | inscale · wall_segment Palisade Wall x1 |
| 6:47 | inscale · wall_segment Palisade Wall x1 |
| 6:47 | inscale · wall_segment Palisade Wall x1 |
| 7:12 | inscale · first_building Barracks |
| 7:19 | inscale · wall_segment Palisade Wall x1 |
| 8:00 | inscale · age_up feudal |
| 8:11 | inscale · first_building Stable |
| 8:35 | Skorpiem · first_building Barracks |
| 8:38 | inscale · wall_segment Palisade Wall x2 |
| 9:16 | Skorpiem · age_up feudal |
| 9:20 | Skorpiem · first_building Archery Range |
| 9:44 | Skorpiem · wall_segment Palisade Wall x1 |
| 9:47 | inscale · first_building Archery Range |
| 9:47 | Skorpiem · wall_segment Palisade Wall x1 |
| 9:48 | Skorpiem · wall_segment Palisade Wall x1 |
| 11:20 | Skorpiem · wall_segment Palisade Wall x1 |
| 13:35 | Skorpiem · first_building Stable |
| 16:27 | inscale · wall_segment Palisade Wall x1 |
| 19:33 | inscale · age_up castle |
| 21:39 | Skorpiem · age_up castle |
| 25:23 | inscale · first_building Monastery |
| 26:15 | Skorpiem · first_market_buy 100 wood |
| 27:45 | inscale · first_market_buy 100 stone |
| 27:53 | inscale · first_building Castle |
| 28:04 | Skorpiem · wall_segment Palisade Wall x3 |
| 30:11 | inscale · first_market_sell 100 wood |
| 30:36 | Skorpiem · first_building Castle |
| 33:55 | inscale · age_up imperial |
| 35:11 | Skorpiem · age_up imperial |
| 39:38 | Skorpiem · first_building Monastery |
| 54:10 | Skorpiem · resign |
[ AI ANALYSIS · 1 CREDIT ]
What really happened in this match?
Wolo.gg analyzes every decision: build order, eco, micro, common mistakes by bracket. Personalized analysis on WhatsApp or Discord in 30 seconds.
Civ guide
Japanese
Perfil
Skorpiem